 Dungeon Crawl Stone Soup version 0.27-a0-414-gbb19ded6d3 (webtiles) character file.

Game seed: 1525594911964792077

27938 Anon1729 the Severer (level 13, -20/116 HPs)
             Began as a Hill Orc Fighter on Feb 24, 2021.
             Was a High Priest of Beogh.
             Demolished by a titanic slime creature (85 damage)
             ... on level 14 of the Dungeon.
             The game lasted 00:40:36 (15023 turns).

Anon1729 the Severer (Hill Orc Fighter)            Turns: 15023, Time: 00:40:37

Health: -20/116    AC: 16    Str: 24    XL:     13   Next: 35%
Magic:  21/21      EV: 10    Int: 11    God:    Beogh [*****.]
Gold:   1084       SH: 12    Dex: 10    Spells: 12/12 levels left

rFire    . . .     SeeInvis .   P - +2 broad axe (vorpal)
rCold    . . .     Faith    .   c - +0 kite shield
rNeg     . . .     Spirit   .   e - +0 plate armour
rPois    .         Reflect  .   (no helmet)
rElec    .         Harm     .   (no cloak)
rCorr    .         Rampage  .   B - +0 pair of gloves
Will     ++...                  (no boots)
Stlth    ..........             p - amulet of regeneration
HPRegen  1.29/turn              V - ring of the Mage {Wiz Will++ Int+3}
MPRegen  0.17/turn              T - +4 ring of evasion

@: about to teleport
A: walk on water
a: Renounce Religion, Smiting, Recall Orcish Followers, Give Item to Named
Follower


You were on level 14 of the Dungeon.
You worshipped Beogh.
Beogh was extremely pleased with you.
You visited 1 branch of the dungeon, and saw 14 of its levels.
You also visited: Ossuary and Bailey.

You collected 1704 gold pieces.
You spent 620 gold pieces at shops.

Inventory:

Hand Weapons
 C - a +2 vorpal war axe
 I - the +6 rapier "Juli" {speed, +Rage rPois rC++ Stlth+}
   (You found it on level 8 of the Dungeon)

   Attacks with this weapon are significantly faster.
   It greatly protects you from cold.
   It protects you from poison.
   It lets you go berserk.
   It makes you more stealthy.
 P - a +2 vorpal broad axe (weapon)
Missiles
 g - 7 throwing nets (quivered)
 E - a curare-tipped dart
 Q - 4 silver javelins
Armour
 c - a +0 kite shield (worn)
 e - a +0 plate armour (worn)
 B - a +0 pair of gloves (worn)
 N - a +2 troll leather armour {Snorg}
Jewellery
 k - a +6 ring of dexterity
 p - an amulet of regeneration (around neck)
 D - a ring of ice
 G - an amulet of guardian spirit
 T - a +4 ring of evasion (right hand)
 V - the ring of the Mage (left hand) {Wiz Will++ Int+3}
   (You bought it in a shop on level 8 of the Dungeon)

   [ring of wizardry]

   It improves your spell success rate.
   It affects your intelligence (+3).
   It affects your willpower, your defense against some magical effects.
Wands
 q - a wand of mindburst (11)
 y - a wand of flame (22)
 H - a wand of random effects (21)
 O - a wand of charming (5)
 S - a wand of paralysis (13)
Scrolls
 a - a scroll of brand weapon
 f - a scroll of enchant weapon
 h - 7 scrolls of teleportation
 j - a scroll of blinking
 m - 4 scrolls of fog
 s - 5 scrolls of amnesia
 u - a scroll of fear
 v - a scroll of identify
 w - 2 scrolls of immolation {unknown}
 F - 4 scrolls of enchant armour
 R - a scroll of vulnerability
 U - a scroll of torment {unknown}
 Y - a scroll of noise {unknown}
 Z - a scroll of holy word {unknown}
Potions
 d - 5 potions of might
 i - 3 potions of resistance
 l - 8 potions of heal wounds
 n - 2 potions of invisibility
 o - 3 potions of attraction
 r - 2 potions of brilliance {unknown}
 t - 7 potions of flight
 x - a potion of lignification {unknown}
 A - 2 potions of mutation {unknown}
 J - 6 potions of curing
 K - 2 potions of magic {unknown}
 L - a potion of cancellation {unknown}
 W - a potion of haste {unknown}
 X - 2 potions of ambrosia {unknown}
Miscellaneous
 b - a lightning rod (4/4)
 M - a phial of floods


   Skills:
 + Level 11.6 Fighting
 * Level 15.6 Axes
 + Level 10.7 Armour
 + Level 10.8 Shields
 + Level 11.8 Invocations


You had 12 spell levels left.
You didn't know any spells.
Your spell library contained the following spells:

 Spells                   Type           Power        Failure   Level
 Corona                   Hex            0%           92%         1
 Magic Dart               Conj           0%           92%         1
 Summon Small Mammal      Summ           0%           92%         1
 Blink                    Tloc           N/A          98%         2
 Call Imp                 Summ           0%           98%         2
 Ensorcelled Hibernation  Hex/Ice        0%           98%         2
 Searing Ray              Conj           0%           98%         2
 Slow                     Hex            0%           98%         2
 Call Canine Familiar     Summ           0%           99%         3
 Confusing Touch          Hex            0%           99%         3
 Conjure Flame            Conj/Fire      0%           99%         3
 Dazzling Flash           Conj/Hex       0%           99%         3
 Mephitic Cloud           Conj/Pois/Air  0%           99%         3
 Summon Guardian Golem    Hex/Summ       0%           99%         3
 Tukima's Dance           Hex            0%           99%         3
 Fulminant Prism          Conj/Hex       0%           100%        4
 Iskenderun's Mystic Bla  Conj/Tloc      0%           100%        4
 Summon Ice Beast         Ice/Summ       0%           100%        4
 Summon Lightning Spire   Summ/Air       0%           100%        4


Dungeon Overview and Level Annotations

Branches:
Dungeon (14/15) Temple (0/1) D:4 Lair (0/6) D:10 Orc (0/2) D:10 Vaults (0/5) D:12 D:13 Ossuary (visited) Bailey (visited)

Altars:
Cheibriados
Gozag
Kikubaaqudgha
Makhleb
Qazlal
Sif Muna
Uskayaw
Vehumet
Xom
Zin
The Shining One

Shops:
D:7 :   D:8 =   D:9 [


Message History

Your orc knight hits the enormous slime creature with a +0 great sword!!
Unknown command.
Aiming: Paralyse
Press: ? - help, Shift-Dir - straight line, f - enormous slime creature
Aim: an enormous slime creature (lightly wounded, ally target, chance to affect: 28%)
The enormous slime creature easily resists.
You block the enormous slime creature's attack.
Your orc knight hits the enormous slime creature with a +0 great sword!
You barely miss the enormous slime creature.
The enormous slime creature is lightly wounded.
The enormous slime creature hits you!!!
Two slime creatures merge to form a titanic slime creature.
Unknown command.
What are your orders? t - Shout!
Orders for allies: a - Attack new target. p - Attack previous target. r - Retreat! s - Stop attacking. g - Guard the area. f - Follow me.
Anything else - Cancel.
Retreat in which direction?
Press: ? - help, Dir - move target, p - titanic slime creature
Okay, then.
As you read the scroll of teleportation, it crumbles to dust.
You feel strangely unstable.
Your orc knight hits the titanic slime creature with a +0 great sword!
What are your orders? t - Shout!
Orders for allies: a - Attack new target. p - Attack previous target. r - Retreat! s - Stop attacking. g - Guard the area. f - Follow me.
Anything else - Cancel.
Retreat in which direction?
Press: ? - help, Dir - move target, p - titanic slime creature Fall back!
You block the titanic slime creature's attack.
Two slime creatures merge to form a large slime creature.
Unknown command.
You swap places.
The titanic slime creature hits you!!!!
Ouch! That really hurt!
You die...

....# ....# ...##
...# ####### ..o##
#.....#** ....#
#.#8#.# * o..##
#.###J#** ..##
#.###J### o####
#J#.o@'.#
.##.########.###o###
...[.##......#.'['_#
.....#..J.######.###
...)..(..## #.'o).#
≈≈≈≈≈..J.# ###.###
≈.))≈....# #.'.'.#
≈>∩)≈.JJ## ###.###
****** ≈...≈..##
***#.'.o.# *,,,,*


You could see a titanic slime creature, a large slime creature, a friendly orc
knight and 2 friendly orc priests.

Vanquished Creatures
  Rupert (D:13)
  Snorg (D:13)
  A boulder beetle (D:13)
  2 hydras (D:13)
  A centaur warrior (D:13)
  A tengu warrior (D:12)
  2 two-headed ogres
  Urug (D:10)
  An unseen horror (D:10)
  A wolf spider zombie (D:14)
  2 ugly things (D:12)
  2 cyclopes
  A gargoyle (D:10)
  A rime drake (shapeshifter) (D:13)
  2 meliai (D:14)
  3 trolls
  4 slime creatures
  2 vampires (D:10)
  15 yaks
  2 wyverns
  A wraith (D:14)
  2 steam dragons
  2 vampire mosquitoes (D:13)
  15 humans (D:13)
  A soldier ant (D:11)
  A water moccasin (D:8)
  5 sky beasts
  4 orc warriors
  5 ice beasts
  A black bear (D:11)
  An eye of draining (D:14)
  6 ogres
  4 wolves (D:10)
  2 centaurs
  2 phantoms
  3 kobold brigands
  An elf zombie (D:14)
  9 bullfrogs
  6 gnoll sergeants
  A water moccasin zombie (D:9)
  A wyvern zombie (D:13)
  An elf skeleton (D:14)
  2 scorpions
  16 killer bees
  5 wights
  3 howler monkeys (D:12)
  3 jellies
  3 electric eels (D:10)
  A bullfrog zombie (D:9)
  A human zombie (D:14)
  2 quasits
  A centaur zombie (D:12)
  6 hounds
  7 orc priests
  A bullfrog skeleton (D:11)
  6 gnoll shamans (Bailey)
  6 orc wizards
  7 iguanas
  5 worker ants
  A killer bee zombie (D:10)
  An ogre zombie (D:14)
  A hound skeleton (D:9)
  10 mummies
  2 worker ant zombies
  19 gnolls
  A howler monkey zombie (D:5)
  2 howler monkey skeletons
  21 adders
  4 shadow imps
  A white imp (D:8)
  2 ufetubi
  2 oozes
  2 adder skeletons (D:7)
  An adder zombie (D:6)
  6 leopard geckos
  29 orcs
  2 ball pythons
  10 bats
  4 giant cockroaches
  4 gnoll zombies
  13 goblins
  8 hobgoblins
  10 jackals
  20 kobolds
  3 quokkas
  4 frilled lizards
  2 hobgoblin zombies (Ossuary)
  2 kobold zombies (Ossuary)
  An orc zombie (Ossuary)
  6 rats
389 creatures vanquished.

Vanquished Creatures (collateral kills)
  A boulder beetle (D:11)
  An ugly thing (D:14)
  A centaur skeleton (D:10)
  A meliai (D:14)
  A troll (D:10)
  A hornet (D:12)
  A slime creature (D:12)
  A human (D:13)
  4 yaks (D:10)
  An acid dragon (D:10)
  A water moccasin (D:9)
  A hornet zombie (D:10)
  A necrophage (D:14)
  A wolf (D:10)
  3 gnoll sergeants (Bailey)
  A wyvern skeleton (D:14)
  A killer bee (D:10)
  3 wights (D:14)
  A quasit (D:9)
  3 orc priests
  3 hounds (D:10)
  A human zombie (D:14)
  2 human skeletons (D:14)
  A worker ant (D:11)
  2 orc wizards
  An adder (D:11)
  4 orcs
  A goblin (D:14)
44 creatures vanquished.

Vanquished Creatures (others)
  An orc knight (D:14)
  5 orc warriors
  3 orc priests
  2 orc wizards
  A bullfrog (D:11)
  9 orcs
21 creatures vanquished.

Grand Total: 454 creatures vanquished

Notes
Turn   | Place    | Note
-------+----------+-------------------------------------------
     0 | D:1      | Anon1729 the Hill Orc Fighter began the quest for the Orb.
     0 | D:1      | Reached XP level 1. HP: 19/19 MP: 1/1
   150 | D:1      | Reached XP level 2. HP: 27/27 MP: 2/2
   421 | D:1      | Reached skill level 3 in Axes
   554 | D:1      | Reached skill level 1 in Invocations
   640 | D:2      | Reached XP level 3. HP: 33/33 MP: 3/3
   857 | D:2      | Reached XP level 4. HP: 30/40 MP: 5/5
  1568 | D:3      | Found a shimmering altar of Xom.
  1683 | D:3      | Found a faded altar of an unknown god.
  1893 | D:3      | Reached XP level 5. HP: 47/47 MP: 6/6
  1949 | D:3      | Noticed a phantom
  1959 | D:3      | Killed a phantom
  1960 | D:3      | Reached skill level 4 in Axes
  2451 | D:4      | Found a hide-covered altar of Uskayaw.
  2451 | D:4      | Found a radiant altar of Vehumet.
  2656 | D:4      | Found a staircase to the Ecumenical Temple.
  2683 | D:4      | Reached XP level 6. HP: 43/55 MP: 8/8
  3210 | D:5      | Entered Level 5 of the Dungeon
  3215 | D:5      | Reached skill level 5 in Fighting
  3587 | D:5      | Noticed a sky beast
  3608 | D:5      | Killed a sky beast
  3609 | D:5      | Reached XP level 7. HP: 28/61 MP: 9/9
  4167 | D:5      | Reached skill level 5 in Axes
  4171 | D:5      | Reached skill level 5 in Armour
  4792 | D:5      | Reached skill level 5 in Shields
  5216 | D:6      | Reached XP level 8. HP: 48/70 MP: 11/11
  5245 | D:5      | Reached skill level 5 in Invocations
  5567 | D:5      | Reached skill level 6 in Axes
  5956 | D:6      | Became a worshipper of Beogh the Brigand
  6585 | D:7      | Reached skill level 7 in Axes
  6595 | D:7      | Reached * piety under Beogh
  6809 | D:7      | Reached XP level 9. HP: 15/78 MP: 13/13
  7163 | D:7      | Found Apequug's Book Boutique.
  7368 | D:7      | Reached skill level 8 in Axes
  7629 | D:8      | Found Ykakkil's Jewellery Emporium.
  7765 | D:8      | Identified an iridescent rapier
  7963 | D:8      | Found a sand-covered staircase.
  7998 | Ossuary  | Entered an ossuary
  8031 | Ossuary  | Reached ** piety under Beogh
  8560 | D:9      | Found Anlaec's Antique Armour Boutique.
  8603 | D:9      | Reached skill level 9 in Axes
  8783 | D:9      | Found an ancient bone altar of Kikubaaqudgha.
  8926 | D:9      | Reached *** piety under Beogh
  8932 | D:9      | Reached XP level 10. HP: 88/88 MP: 15/15
  8936 | D:9      | Found a snail-covered altar of Cheibriados.
  8939 | D:9      | Found an opulent altar of Gozag.
  8939 | D:9      | Found a stormy altar of Qazlal.
  8952 | D:9      | Found a shimmering blue altar of Sif Muna.
  8955 | D:9      | Found a glowing silver altar of Zin.
  9383 | D:9      | Reached skill level 10 in Axes
  9471 | D:10     | Entered Level 10 of the Dungeon
  9600 | D:10     | Killed an unseen horror
  9646 | D:10     | Noticed Urug
  9664 | D:10     | Killed Urug
  9760 | D:10     | Reached skill level 11 in Axes
  9767 | D:10     | Noticed a gargoyle
  9785 | D:10     | Killed a gargoyle
  9831 | D:10     | Reached XP level 11. HP: 72/97 MP: 17/17
  9947 | D:10     | Found a glowing golden altar of the Shining One.
  9981 | D:10     | Found a burning altar of Makhleb.
 10011 | D:10     | Reached skill level 12 in Axes
 10082 | D:10     | Found a staircase to the Lair.
 10087 | D:10     | Noticed a two-headed ogre
 10095 | D:10     | Killed a two-headed ogre
 10284 | D:10     | Found a staircase to the Orcish Mines.
 10351 | D:10     | Reached **** piety under Beogh
 10477 | D:10     | Identified a faintly humming leather armour
 11418 | D:11     | Noticed a boulder beetle
 11442 | D:11     | Killed a boulder beetle
 11579 | D:12     | Noticed a brown ugly thing
 11589 | D:12     | Killed a brown ugly thing
 11697 | D:12     | Noticed a two-headed ogre
 11699 | D:12     | Noticed a brown ugly thing
 11705 | D:12     | Killed a two-headed ogre
 11706 | D:12     | Reached skill level 10 in Fighting
 11706 | D:12     | Reached skill level 13 in Axes
 11706 | D:12     | Reached skill level 10 in Invocations
 11711 | D:12     | Killed a brown ugly thing
 11844 | D:12     | Reached XP level 12. HP: 97/106 MP: 19/19
 11858 | D:12     | Paralysed by a hornet for 2 turns
 11858 | D:12     | Gained Koronagh as an ally
 11975 | D:12     | Reached ***** piety under Beogh
 12302 | D:13     | Found a gate to the Vaults.
 12302 | D:13     | Noticed a tengu warrior
 12302 | D:13     | Noticed a centaur warrior
 12302 | D:13     | Noticed Rupert
 12370 | D:13     | Killed a centaur warrior
 12400 | D:12     | Killed a tengu warrior
 12698 | D:8      | Bought the ring of the Mage {Wiz Will++ Int+3} for 620 gold
                  | pieces
 12698 | D:8      | Found the ring of the Mage {Wiz Will++ Int+3}
 12860 | D:13     | Reached skill level 14 in Axes
 13125 | D:13     | Noticed a five-headed hydra
 13165 | D:13     | Killed a five-headed hydra
 13166 | D:13     | Reached skill level 10 in Armour
 13166 | D:13     | Reached skill level 10 in Shields
 13271 | D:13     | Noticed a boulder beetle
 13287 | D:13     | Killed a boulder beetle
 13384 | D:13     | Killed Rupert
 13488 | D:13     | Reached skill level 15 in Axes
 13488 | D:13     | Reached XP level 13. HP: 116/116 MP: 21/21
 13672 | D:13     | Noticed Snorg
 13684 | D:13     | Killed Snorg
 13930 | D:13     | Identified a faintly humming scale mail
 14358 | D:14     | Found a flagged portal.
 14388 | Bailey   | Entered a bailey
 14765 | D:14     | Found an ancient bone altar of Kikubaaqudgha.
 15023 | D:14     | Demolished by a titanic slime creature

Illustrated notes

Levels and vault maps discovered:
D:1:      dpeg_arrival_court, layout_basic
D:2:      cheibrodos_helix_gallery, layout_basic
D:3:      layout_basic, chequers_ecumenical_altar_island, tgw_xom
D:4:      layout_cave_pods, gammafunk_temple_overflow_pools,
          minmay_temple_entry_statues_fountains
D:5:      layout_rooms, lightli_minifort
D:6:      layout_rooms, minmay_misc_feat_more_columns
D:7:      layout_rooms, serial_shops, nicolae_shop_stone, st_stairs_11
D:8:      layout_rooms, serial_shops, kennysheep_mini, enter_ossuary_3
D:9:      layout_long_grid, kennysheep_little_box,
          minmay_overflow_temple_star_hex, serial_shops, shop
D:10:     layout_basic, erik_lair_island, orc_0_dummy, nzn_life_drinkers,
          uniq_urug
D:11:     layout_gridville, chequers_serial_rivers_small_a
D:12:     layout_cave_pools
D:13:     layout_grid_maze, david_vaults_3, uniq_snorg
D:14:     layout_cave_pools, serial_park_avenue1, biasface_ghost_orc_armoury,
          enter_bailey_5, chequers_serial_rivers_micro_a, grunt_ministairs_11,
          lemuel_mausoleum_altar_kikubaaqudgha

Skill      XL: |  1  2  3  4  5  6  7  8  9 10 11 12 |
---------------+-------------------------------------+-----
Axes           | 3 4 5 7 9 11 13 15 | 15.6
Fighting       | 4 5 6 7 9 10 11 | 11.6
Invocations    | 1 2 3 4 6 7 8 10 11 | 11.8
Armour         | 4 5 6 7 8 9 10 | 10.7
Shields        | 4 5 6 7 8 9 10 | 10.8

Action                   |  1- 3 |  4- 6 |  7- 9 | 10-12 | 13-15 || total
-------------------------+-------+-------+-------+-------+-------++-------
Melee: War axe           |    79 |   179 |   407 |    72 |       ||   737
       Rapier            |       |       |    11 |    12 |    19 ||    42
       Broad axe         |       |       |       |   421 |   182 ||   603
Invok: Convert to Beogh  |       |       |     1 |       |       ||     1
       Smiting           |       |       |       |    11 |     3 ||    14
       Recall Orcish Fol |       |       |       |     3 |     6 ||     9
       Give Item to Name |       |       |       |       |     1 ||     1
Evoke: Wand              |       |       |     5 |     2 |     1 ||     8
  Use: Potion            |       |       |     6 |       |       ||     6
       Scroll            |       |       |     5 |     1 |    10 ||    16
 Stab: Invisible         |       |       |     1 |       |       ||     1
       Distracted        |       |       |       |     4 |     2 ||     6
       Confused          |       |       |       |     2 |       ||     2
Armor: Scale mail        |    47 |    84 |    31 |       |       ||   162
       Plate armour      |       |       |   236 |   271 |   106 ||   613
Dodge: Dodged            |    22 |    59 |    97 |   148 |    98 ||   424
Block: Kite shield       |    44 |    89 |   274 |   340 |   162 ||   909

Table legend: (Time is in decaauts)
 A = Elapsed time spent in this place.
 B = Non-inter-level travel time spent in this place.
 C = Inter-level travel time spent in this place.
 D = Time resting spent in this place.
 E = Time spent auto-exploring this place.
 F = Levels seen in this place.
 G = Mean time per level.
                   A        B        C        D        E       F      G
               +--------+--------+--------+--------+--------+-----+--------+
         Total |  15360 |  14653 |    707 |   2259 |   8751 |  16 |  960.0 |
       Dungeon |  14664 |  13957 |    707 |   2259 |   8362 |  14 | 1047.4 |
       Ossuary |    363 |    363 |      0 |      0 |    252 |   1 |  363.0 |
        Bailey |    333 |    333 |      0 |      0 |    137 |   1 |  333.0 |
               +--------+--------+--------+--------+--------+-----+--------+

Top non-repeatable levels by time:
     D:5: 2011 daAuts
     D:4: 1431 daAuts
    D:10: 1354 daAuts
    D:13: 1272 daAuts
     D:9: 1066 daAuts
     D:3: 1043 daAuts
     D:7: 1016 daAuts
    D:12: 954 daAuts
    D:11: 892 daAuts
     D:6: 850 daAuts
     D:2: 804 daAuts
     D:8: 710 daAuts
     D:1: 661 daAuts
    D:14: 593 daAuts
 Ossuary: 363 daAuts
